Map: Beladona LE

Players

rasx

  • Race: Protoss Protoss
  • League: Platinum
  • Spawn Location: 11:00

LowLinK - Winner!

  • Race: Protoss Protoss
  • League: Diamond
  • Spawn Location: 5:00

VOD

Have the link to the VOD?

Description

Time

  • Played on: Feb. 19, 2020, 11:38 a.m.
  • Length: 4:47
Show
View Real Time Build Order
Export as new Build Order

rasx Protoss 

Build Orders:  

Get SALT Encoding   

  12  0:01  Probe  
  13  0:13  Probe  
  14  0:18  Pylon  
  14  0:25  Probe  
  15  0:37  Gateway  
  15  0:39  Probe (Chrono Boost)  
  16  0:45  Assimilator  
  16  0:51  Probe (Chrono Boost)  
  17  0:57  Probe (Chrono Boost)  
  18  1:05  Probe  
  19  1:17  Gateway  
  19  1:18  Probe  
  20  1:25  Cybernetics Core  
  20  1:33  Probe  
  21  1:45  Probe  
  22  1:47  Assimilator  
  22  1:57  Probe  
  23  2:11  Pylon  
  23  2:12  Warp Gate  
  23  2:23  Nexus  
  23  2:29  Probe  
  24  2:36  Adept x2  
  28  2:41  Probe  
  29  2:51  Pylon  
  29  2:52  Gateway  
  29  2:54  Probe  
  30  3:06  Probe  
  30  3:12  Shield Battery  
  31  3:14  Shield Battery  
  31  3:18  Probe  
  32  3:20  Sentry  
  34  3:30  Probe, Gateway  
  35  4:02  Stalker x3  
  35  4:26  Stalker x3  
  32  4:38  Shield Battery  
  32  4:42  Stalker, Shield Battery  
Show
View Real Time Build Order
Export as new Build Order

LowLinK Protoss - Winner!

Build Orders:  

Get SALT Encoding   

  12  0:01  Probe  
  13  0:13  Probe  
  14  0:17  Pylon  
  14  0:25  Probe  
  15  0:35  Gateway  
  15  0:37  Probe (Chrono Boost)  
  16  0:47  Probe (Chrono Boost)  
  17  0:52  Probe (Chrono Boost), Assimilator  
  17  0:56  Assimilator  
  18  1:04  Probe  
  19  1:15  Pylon  
  19  1:16  Probe  
  20  1:23  Cybernetics Core  
  20  1:28  Probe  
  21  1:43  Probe  
  24  1:58  Warp Gate (Chrono Boost)  
  24  1:59  Stalker  
  24  2:09  Pylon  
  24  2:13  Probe  
  25  2:26  Probe  
  26  2:30  Gateway  
  26  2:35  Gateway  
  25  2:42  Gateway  
  25  2:49  Sentry  
  27  2:52  Gateway  
  27  2:54  Pylon  
  27  3:07  Pylon  
  27  3:31  Stalker  
  29  3:34  Stalker x2  
  29  3:37  Stalker  
  35  3:47  Stalker  
  37  3:58  Stalker  
  37  3:59  Stalker x3  
  41  4:28  Stalker x2  
  41  4:29  Stalker  
  45  4:32  Zealot  
Tags
 
Add a new tag
Caveats
  • Supply blocks, unpowered buildings, or Contaminate may cause inaccurate times.
  • Supply counts are checked every 10 seconds.